 Dungeon Crawl Stone Soup version 0.30-a0-571-gdf30a72648 (webtiles) character file.

Game seed: 7678554969721013781

268 Newt the Shooter (level 6, -3/35 HPs)
             Began as a Kobold Hunter on Dec 29, 2022.
             Slain by a kobold brigand
             ... wielding a +2 dagger of protection
              (6 damage)
             ... in a sewer.
             The game lasted 00:02:53 (2420 turns).

Newt the Shooter (Kobold Hunter)                    Turns: 2420, Time: 00:02:54

Health: -3/35      AC:  3    Str:  8    XL:     6   Next: 45%
Magic:  12/12      EV: 24    Int: 10    God:
Gold:   93         SH:  0    Dex: 21    Spells: 13/13 levels left

rFire   . . .      SeeInvis .    b - +3 quarterstaff
rCold   . . .      Faith    .    (shield currently unavailable)
rNeg    . . .      Spirit   .    c - +0 leather armour
rPois   .          Reflect  .    (no helmet)
rElec   .          Harm     .    (no cloak)
rCorr   .          Rampage  .    (no gloves)
Will    .....                    (no boots)
Stlth   +++                      (no amulet)
HPRegen 0.25/turn                j - +5 ring of evasion
MPRegen 0.13/turn                m - +5 ring of evasion

@: no status effects
A: small, no large weapons, nightstalker 3
a: no special abilities


You were in a sewer.
You visited 1 branch of the dungeon, and saw 3 of its levels.
You also visited: Sewer.

You collected 93 gold pieces.

Inventory:

Hand Weapons
 a - a +0 shortbow
 b - a +3 quarterstaff (weapon)
Armour
 c - a +0 leather armour (worn)
Jewellery
 j - a +5 ring of evasion (left hand)
 m - a +5 ring of evasion (right hand)
 p - a +6 ring of strength
Scrolls
 d - a scroll of teleportation {unknown}
 e - a scroll of blinking
 h - a scroll of vulnerability
 i - a scroll of fog {unknown}
 k - a scroll of noise {unknown}
 n - 2 scrolls of immolation
 q - a scroll of enchant armour
 r - a scroll of magic mapping {unknown}
 u - a scroll of summoning {unknown}
Potions
 f - a potion of ambrosia {unknown}
 g - a potion of attraction {unknown}
 l - a potion of brilliance
 o - a potion of invisibility {unknown}
 s - a potion of cancellation
 t - a potion of heal wounds {unknown}
 v - a potion of mutation {unknown}


   Skills:
 - Level 2.1 Fighting
 + Level 3.1 Staves
 - Level 6.0 Ranged Weapons
 - Level 2.4 Dodging
 - Level 1.3 Stealth
 - Level 4.0 Spellcasting


You had 13 spell levels left.
You didn't know any spells.
Your spell library contained the following spells:

 Spells                   Type           Power      Damage    Failure   Level
 Inner Flame              Hex/Fire       2%         N/A       73%         3
 Flame Wave               Conj/Fire      2%         2d4       98%         4
 Sticky Flame             Conj/Fire      2%         2d3       98%         4


Dungeon Overview and Level Annotations

Branches:
Dungeon (3/15)              Sewer (1/1)

Altars:

Annotations:
D:3 2 runed translucent doors


Innate Abilities, Weirdness & Mutations

You are small and have problems with some larger weapons.
You are completely attuned to the shadows.


Message History

The kobold is moderately wounded.
The kobold brigand closely misses you. The kobold misses you.
You shoot an arrow. The arrow hits the kobold.
You kill the kobold!
The kobold brigand hits you with a +2 dagger of protection.
You shoot an arrow. The arrow hits the kobold brigand.
The kobold brigand is moderately wounded.
The kobold brigand completely misses you.
You shoot an arrow.
The arrow hits the kobold brigand but does no damage.
The kobold brigand is moderately wounded.
The kobold brigand misses you.
You shoot an arrow. The arrow misses the kobold brigand.
The kobold brigand barely misses you.
The kobold brigand hits you with a +2 dagger of protection!
You are too injured to fight recklessly!
You are too injured to fight recklessly!
You are too injured to fight recklessly!
b - a +3 quarterstaff (weapon)
You hit the kobold brigand.
The kobold brigand is heavily wounded.
The kobold brigand barely misses you.
You closely miss the kobold brigand.
The kobold brigand is heavily wounded.
The kobold brigand barely misses you.
The kobold brigand hits you with a +2 dagger of protection.
* * * LOW HITPOINT WARNING * * *
You hit the kobold brigand.
The kobold brigand is severely wounded.
The kobold brigand hits you with a +2 dagger of protection!
* * * LOW HITPOINT WARNING * * *
It was a potion of brilliance.
You feel clever all of a sudden. The kobold brigand misses you.
It was a potion of cancellation.
Your magical effects are unravelling.
You feel magically purged.
You feel a little less clever now.
The kobold brigand hits you with a +2 dagger of protection.
You die...

#### #####
#######..####...#
#.........##.....
##................ ##
#.†.............P.
!..#K................
...)@.....~........P.
∩..)...P.~~~~..~~P..~
...#..P.P~~~~P~~~...P
#################~~~#######
#≈~~~~)~~~~~~~~~~ ~~ ~~~
#≈≈~≈≈≈≈≈~≈≈≈≈≈~≈ ≈≈≈
#≈~~~~~))~)~~~~~~ ~~~
###'########~~############~
#...#....#.~~~P~........P~~


You could see a kobold brigand.

Vanquished Creatures
  2 kobold brigands (Sewer)
  Natasha (twice) (D:2)
  An adder (D:3)
  4 worms
  An orc (D:3)
  4 bats
  8 endoplasms
  4 giant cockroaches
  3 goblins
  2 hobgoblins (D:1)
  19 kobolds
  3 quokkas
  5 ball pythons
  A frilled lizard (D:1)
  5 rats
64 creatures vanquished.

Vanquished Creatures (others)
  A plant (Sewer)
1 creature vanquished.

Grand Total: 65 creatures vanquished

Notes
Turn   | Place    | Note
-------+----------+-------------------------------------------
     0 | D:1      | Newt the Kobold Hunter began the quest for the Orb.
     0 | D:1      | Reached XP level 1. HP: 12/12 MP: 1/1
   143 | D:1      | Reached skill level 1 in Spellcasting
   151 | D:1      | Reached XP level 2. HP: 12/17 MP: 2/4
   616 | D:1      | Reached XP level 3. HP: 21/21 MP: 6/6
  1782 | D:2      | Noticed Natasha
  1787 | D:2      | Killed Natasha
  1788 | D:2      | Reached XP level 4. HP: 26/26 MP: 7/9
  1823 | D:2      | Noticed Natasha
  1827 | D:2      | Killed Natasha
  1966 | D:3      | Reached XP level 5. HP: 29/30 MP: 11/11
  1996 | D:3      | Found a large runed translucent door.
  1996 | D:3      | Found a large runed translucent door.
  2126 | D:3      | Found a glowing drain.
  2130 | Sewer    | Entered a sewer
  2147 | Sewer    | Noticed a kobold brigand
  2172 | Sewer    | Killed a kobold brigand
  2173 | Sewer    | Reached skill level 6 in Ranged Weapons
  2173 | Sewer    | Reached skill level 1 in Staves
  2237 | Sewer    | Reached XP level 6. HP: 35/35 MP: 12/12
  2420 | Sewer    | Slain by a kobold brigand

Illustrated notes

Levels and vault maps discovered:
D:1:      matt_arrival_spirals, layout_basic, minmay_tall_x
D:2:      layout_basic, uniq_natasha
D:3:      layout_loops_ring, gup_sewer_entry_bowl, ebering_ghost_disaster_area,
          corexii_hall_statues_t
Sewer:    kennysheep_pipe_town

Skill      XL: |  1  2  3  4  5  6 |
---------------+-------------------+-----
Spellcasting   | 1 2 3 4 |  4.0
Ranged Weapons | 6 |  6.0
Staves         | 2 3 |  3.1
Fighting       | |  2.1
Dodging        | |  2.4
Stealth        | |  1.3

Action                   |  1- 3 |  4- 6 || total
-------------------------+-------+-------++-------
Melee: Quarterstaff      |     2 |    28 ||    30
 Fire: Shortbow          |    65 |    76 ||   141
  Use: Scroll            |     1 |     2 ||     3
       Potion            |       |     2 ||     2
Armor: Leather armour    |     3 |     5 ||     8
Dodge: Dodged            |    26 |    84 ||   110

Table legend: (Time is in decaauts)
 A = Elapsed time spent in this place.
 B = Non-inter-level travel time spent in this place.
 C = Inter-level travel time spent in this place.
 D = Time resting spent in this place.
 E = Time spent auto-exploring this place.
 F = Levels seen in this place.
 G = Mean time per level.
                   A        B        C        D        E       F      G
               +--------+--------+--------+--------+--------+-----+--------+
         Total |   2510 |   2389 |    121 |      0 |   2007 |   4 |  627.5 |
       Dungeon |   2168 |   2047 |    121 |      0 |   1799 |   3 |  722.7 |
         Sewer |    341 |    341 |      0 |      0 |    208 |   1 |  341.0 |
               +--------+--------+--------+--------+--------+-----+--------+

Top non-repeatable levels by time:
     D:2: 1012 daAuts
     D:1: 971 daAuts
   Sewer: 341 daAuts
     D:3: 184 daAuts
